 Dungeon Crawl Stone Soup version 0.24.0-37-gcf1ca852f1 (webtiles) character file.

Game seed: 4015089662136675184, levelgen mode: deterministic

9242 Amplified the Fighter (level 11, -11/97 HPs)
             Began as a Minotaur Wizard on Dec 7, 2019.
             Was a High Priest of Makhleb.
             Mangled by a skeletal warrior
             ... wielding a +0 scimitar
             ... led by a skeletal warrior
              (27 damage)
             ... on level 11 of the Dungeon.
             The game lasted 00:14:50 (8041 turns).

Amplified the Fighter (Minotaur Wizard)             Turns: 8041, Time: 00:14:51

Health: -11/97     AC: 12    Str: 14    XL:     11   Next: 20%
Magic:  13/13      EV: 15    Int: 17    God:    Makhleb [*****.]
Gold:   212        SH:  0    Dex: 10    Spells: 12/14 levels left

rFire    . . .     SeeInvis .   A - +5 scimitar
rCold    . . .     Gourm    .   (no shield)
rNeg     + . .     Faith    +   v - +2 leather armour {rN+}
rPois    .         Spirit   .   b - +2 hat
rElec    +         Reflect  .   k - +0 cloak
rCorr    .         Harm     .   c - +0 pair of gloves
MR       +....                  n - +0 pair of boots
Stlth    ..........             p - amulet of faith
HPRegen  0.26/turn              e - +4 ring of slaying
MPRegen  0.13/turn              s - ring "Teviditze" {rElec MR+ Int+2 Stlth-}

@: very slightly contaminated
A: retaliatory headbutt, horns 2
a: Minor Destruction, Lesser Servant of Makhleb, Major Destruction, Greater
Servant of Makhleb, Renounce Religion


You were on level 11 of the Dungeon.
You worshipped Makhleb.
Makhleb was extremely pleased with you.
You were not hungry.

You visited 1 branch of the dungeon, and saw 12 of its levels.

You collected 650 gold pieces.
You spent 438 gold pieces at shops.

Inventory:

Hand Weapons
 q - a +2 dagger of venom
 A - a +5 scimitar (weapon)
Missiles
 h - 146 arrows
 t - 5 curare-tipped darts
 x - 35 poisoned darts
 y - 5 javelins (quivered)
Armour
 b - a +2 hat (worn)
 c - a +0 pair of gloves (worn)
 k - a +0 cloak (worn)
 n - a +0 pair of boots (worn)
 v - a +2 leather armour of positive energy (worn)
Magical Staves
 D - an uncursed staff of earth
Jewellery
 a - an uncursed ring of magical power
 e - a +4 ring of slaying (left hand)
 f - an uncursed amulet of harm
 p - an amulet of faith (around neck)
 s - the ring "Teviditze" (right hand) {rElec MR+ Int+2 Stlth-}
   (You bought it in a shop on level 6 of the Dungeon)

   [ring of attention]

   It affects your intelligence (+2).
   It insulates you from electricity.
   It affects your resistance to hostile enchantments.
   It makes you less stealthy.
 F - an uncursed ring of ice
Wands
 i - a wand of disintegration (12)
 j - a wand of acid (8)
 H - a wand of flame (7)
Scrolls
 g - 4 scrolls of remove curse
 o - 2 scrolls of fog
 r - 3 scrolls of amnesia
 u - a scroll of noise
 C - a scroll of identify
Potions
 l - 2 potions of mutation
 m - 2 potions of lignification
 w - 2 potions of flight
 z - a potion of ambrosia
 B - a potion of magic
Comestibles
 d - 18 rations


   Skills:
 * Level 9.5 Fighting
 - Level 4.5(6.3) Short Blades
 * Level 7.5(8.2) Long Blades
 - Level 6.0 Throwing
 * Level 9.4 Armour
 * Level 9.0 Dodging
 - Level 1.5 Stealth
 - Level 2.1 Spellcasting
   Level 0.6 Conjurations
   Level 0.6 Summonings
 - Level 0.6 Translocations
 * Level 4.4 Invocations


You had 12 spell levels left.
You knew the following spells:

 Your Spells              Type           Power        Failure   Level  Hunger
a - Apportation           Tloc           #.....       19%         1    #......
b - Confusing Touch       Hex            #.....       22%         1    #......

Your spell library contained the following spells:

 Spells                   Type           Power        Failure   Level  Hunger
 Magic Dart               Conj           #...         19%         1    #......
 Summon Small Mammal      Summ           #...         19%         1    #......
 Animate Skeleton         Necr           N/A          22%         1    #......
 Blink                    Tloc           N/A          26%         2    ###....
 Call Imp                 Summ           #.......     26%         2    ###....
 Slow                     Hex            #.......     34%         2    ###....
 Conjure Flame            Conj/Fire      #.......     52%         3    ###....
 Mephitic Cloud           Conj/Pois/Air  #.......     54%         3    ###....


Dungeon Overview and Level Annotations

Branches:
Dungeon (12/15)            Temple (0/1) D:6            Lair (0/6) D:8
    Orc (0/2) D:12

Altars:
Ashenzari
Dithmenos
Elyvilon
Fedhas
Hepliaklqana
Kikubaaqudgha
Makhleb
Nemelex Xobeh
Okawaru
Qazlal
Sif Muna
Trog
Wu Jian

Shops:
D:6 =   D:8 :

Annotations:
D:10 exclusion: oklob plant
D:12 Azrael


Innate Abilities, Weirdness & Mutations

You reflexively headbutt those who attack you in melee.
You have a pair of horns on your head.


Message History

Press: ? - help, Dir - move target cursor You are very lightly contaminated with residual magic.
As you read the scroll of blinking, it crumbles to dust.
A hound comes into view.
Something hits your smoke demon.
The hound stops to sniff the ground.
The hound closely misses you.
You riposte.
You closely miss the hound. The hound bites you but does no damage.
There is a stone staircase leading up here.
The hound bites you but does no damage.
You climb upwards.
The skeletal warrior hits you with a +0 scimitar!
The guardian mummy hits you!
* * * LOW HITPOINT WARNING * * *
There is a stone staircase leading down, spattered with blood here.
Unknown command.
Okay, then.
The hound closely misses you. You furiously retaliate!
You headbutt the hound!
The skeletal warrior hits you with a +0 scimitar!!
You die...

#.......#
#.......# ##
#.......# ..
#.......##.#
#.....>....#
#.......####
#.......#
#Mzh....#
#.>@....# .
######.## #..
#.###.... .
######.....# ..
.....#..######.#
##.........$.#.
#..............
#..........######
....!$.....##
$$.#


You could see a skeletal warrior, a guardian mummy and a hound.

Vanquished Creatures
  Harold (D:8)
  A two-headed ogre (D:11)
  A skeletal warrior (D:11)
  Maurice (D:10)
  A hippogriff (D:8)
  2 wyverns
  3 yaks (D:10)
  2 fire elementals (D:12)
  Grum (D:8)
  A hungry ghost (D:8)
  2 vampire mosquitoes (D:9)
  Duvessa (D:5)
  2 orc warriors
  2 ice beasts (D:11)
  A phantom (D:9)
  A water moccasin (D:9)
  5 sky beasts
  2 black bears
  3 ogres
  4 wolves (D:8)
  4 centaurs
  A big kobold (D:10)
  5 bullfrogs
  Dowan (D:5)
  A wyvern skeleton (D:7)
  2 scorpions
  12 wights
  6 crimson imps
  2 centaur zombies
  A bullfrog zombie (D:10)
  7 hounds
  A quasit (D:8)
  6 orc priests
  2 bullfrog skeletons
  6 jellies
  7 orc wizards
  Crazy Yiuf (D:2)
  A gnoll shaman (D:6)
  Jessica (D:2)
  3 centaur skeletons
  3 iguanas
  11 worker ants
  A hound zombie (D:5)
  A hound skeleton (D:6)
  A worker ant zombie (D:6)
  10 gnolls
  6 adders
  4 shadow imps
  2 adder zombies
  An adder skeleton (D:5)
  3 worms (D:2)
  A dart slug (D:5)
  4 leopard geckos
  36 orcs
  5 giant cockroaches
  5 hobgoblins
  17 jackals
  8 quokkas
  A ball python (D:2)
  A ball python skeleton (D:4)
  8 bats
  8 frilled lizards
  6 goblins
  7 kobolds
  A leopard gecko skeleton (D:8)
  A leopard gecko zombie (D:5)
  A quokka skeleton (D:7)
  3 rats
263 creatures vanquished.

Vanquished Creatures (others)
  3 fungi (D:2)
  4 toadstools (D:1)
7 creatures vanquished.

Grand Total: 270 creatures vanquished

Notes
Turn   | Place    | Note
-------+----------+-------------------------------------------
     0 | D:1      | Amplified the Minotaur Wizard began the quest for the Orb.
     0 | D:1      | Reached XP level 1. HP: 14/14 MP: 2/2
   667 | D:2      | Reached skill level 1 in Fighting
   667 | D:2      | Reached skill level 1 in Armour
   667 | D:2      | Reached XP level 2. HP: 22/23 MP: 4/4
   760 | D:2      | Noticed Jessica
   773 | D:2      | Killed Jessica
   773 | D:2      | Reached XP level 3. HP: 18/29 MP: 5/5
  1282 | D:2      | Learned a level 1 spell: Confusing Touch
  1339 | D:2      | Learned a level 1 spell: Apportation
  1403 | D:2      | Reached XP level 4. HP: 34/36 MP: 6/6
  1415 | D:2      | Found a runed translucent door.
  1417 | D:2      | Noticed Crazy Yiuf
  1429 | D:2      | Killed Crazy Yiuf
  1429 | D:2      | Reached skill level 1 in Short Blades
  1578 | D:2      | Reached skill level 1 in Throwing
  1728 | D:3      | Reached XP level 5. HP: 41/42 MP: 7/7
  2041 | D:3      | Found an ancient bone altar of Kikubaaqudgha.
  2041 | D:3      | Found a shattered altar of Ashenzari.
  2041 | D:3      | Found a sparkling altar of Nemelex Xobeh.
  2042 | D:3      | Found an ornate altar of the Wu Jian Council.
  2042 | D:3      | Found a burning altar of Makhleb.
  2042 | D:3      | Found a stormy altar of Qazlal.
  2043 | D:3      | Found a shadowy altar of Dithmenos.
  2050 | D:3      | Became a worshipper of Makhleb the Destroyer
  2439 | D:4      | Reached XP level 6. HP: 51/51 MP: 8/8
  3333 | D:5      | Entered Level 5 of the Dungeon
  3372 | D:5      | Noticed a sky beast
  3383 | D:5      | Killed a sky beast
  3445 | D:5      | Found an iron altar of Okawaru.
  3547 | D:5      | Reached XP level 7. HP: 57/59 MP: 9/9
  3548 | D:5      | Reached * piety under Makhleb
  3587 | D:5      | Noticed Duvessa
  3604 | D:5      | Killed Duvessa
  3608 | D:5      | Noticed Dowan
  3615 | D:5      | Killed Dowan
  3647 | D:5      | Reached skill level 5 in Dodging
  3749 | D:5      | Reached XP level 8. HP: 67/67 MP: 10/10
  3895 | D:5      | Reached skill level 5 in Fighting
  3929 | D:5      | Reached skill level 5 in Armour
  4045 | D:6      | Reached ** piety under Makhleb
  4352 | D:6      | Reached skill level 1 in Long Blades
  4444 | D:6      | Found Qicora's Jewellery Shoppe.
  4451 | D:6      | Bought the ring "Teviditze" {rElec MR+ Int+2 Stlth-} for
                  | 438 gold pieces
  4501 | D:6      | Found a staircase to the Ecumenical Temple.
  4898 | D:7      | Reached XP level 9. HP: 64/75 MP: 11/11
  4995 | D:7      | Reached skill level 5 in Throwing
  5004 | D:7      | Reached *** piety under Makhleb
  5141 | D:7      | Found a white marble altar of Elyvilon.
  5532 | D:8      | Found Cesufuri's Book Boutique.
  5581 | D:8      | Noticed Harold
  5591 | D:8      | Killed Harold
  5654 | D:8      | Found a bloodstained altar of Trog.
  5674 | D:8      | Found a staircase to the Lair.
  5803 | D:8      | Reached skill level 5 in Long Blades
  5963 | D:8      | Noticed Grum
  5967 | D:8      | Reached XP level 10. HP: 88/88 MP: 12/12
  5973 | D:8      | Reached skill level 1 in Invocations
  5981 | D:8      | Killed Grum
  6496 | D:9      | Reached **** piety under Makhleb
  6801 | D:9      | Found a hazy altar of Hepliaklqana.
  6952 | D:10     | Entered Level 10 of the Dungeon
  6983 | D:10     | Noticed Maurice
  6988 | D:10     | Killed Maurice
  7179 | D:10     | Found a shimmering blue altar of Sif Muna.
  7199 | D:10     | Reached ***** piety under Makhleb
  7613 | D:10     | Found a blossoming altar of Fedhas.
  7638 | D:10     | Noticed an oklob plant
  7750 | D:11     | Noticed a skeletal warrior
  7753 | D:11     | Noticed a two-headed ogre
  7758 | D:11     | Reached XP level 11. HP: 74/97 MP: 13/13
  7758 | D:11     | Noticed a skeletal warrior
  7762 | D:11     | Killed a two-headed ogre
  7771 | D:11     | Killed a skeletal warrior
  7781 | D:11     | Noticed a skeletal warrior
  7859 | D:12     | Found a staircase to the Orcish Mines.
  8019 | D:12     | Noticed Azrael
  8041 | D:11     | Mangled by a skeletal warrior

Levels and vault maps discovered:
D:1:      eino_arrival_water_cross, layout_basic, st_stairs_12, corner_web_ring,
          minmay_gold_behind_fungi
D:2:      layout_basic, first_ration, uniq_crazy_yiuf_cottage, uniq_jessica
D:3:      layout_basic, grunt_temple_overflow_open
D:4:      layout_basic
D:5:      layout_loops_ring, chequers_hall_statues_corner_a,
          chequers_decorated_corner, okawaru_metal_pillars_1_2, uniq_duvessa
D:6:      layout_basic, minmay_temple_entry_hall, serial_shops, shop
D:7:      layout_loops_ring, lemuel_crystal_altar
D:8:      layout_gridville, lemuel_round_altar, lair_entry_dummy, serial_shops,
          shop, uniq_grum, uniq_harold
D:9:      layout_cave_pools, nicolae_overflow_hidden_temple
D:10:     layout_rooms, basic_altar, blue_anna_alchemist
          [blue_anna_fruit_fields, blue_anna_fruit_fields], tgw_fedhas,
          uniq_maurice
D:11:     layout_rooms, nicolae_trove_entry_path_of_doom, elyvilon_altar_4
D:12:     layout_cave_pools, minmay_orc_entry_temple_small, uniq_azrael

Skill      XL: |  1  2  3  4  5  6  7  8  9 10 11 |
---------------+----------------------------------+-----
Fighting       | 1 2 3 4 6 7 9 |  9.5
Armour         | 1 2 3 4 6 7 9 |  9.4
Dodging        | 3 4 5 6 7 8 9 |  9.0
Short Blades   | 1 2 3 4 |  4.5
Throwing       | 1 2 3 4 6 |  6.0
Long Blades    | 2 5 7 |  7.5
Invocations    | 3 4 |  4.4
Stealth        | |  1.5
Spellcasting   | |  2.1
Conjurations   | |  0.6
Summonings     | |  0.6
Translocations | |  0.6

Action                   |  1- 3 |  4- 6 |  7- 9 | 10-12 || total
-------------------------+-------+-------+-------+-------++-------
Melee: Dagger            |    81 |   121 |   213 |       ||   415
       Unarmed           |     6 |       |       |       ||     6
       Headbutt          |     9 |    13 |    45 |    26 ||    93
       Whip              |     3 |       |       |       ||     3
       Scimitar          |       |       |    76 |   195 ||   271
Throw: Javelin           |     1 |     3 |    10 |       ||    14
 Cast: Confusing Touch   |       |     1 |       |       ||     1
Invok: Lesser Servant of |       |       |       |     1 ||     1
Evoke: Wand              |       |       |     3 |     7 ||    10
  Use: Scroll            |     5 |     7 |     8 |     6 ||    26
       Potion            |     1 |     2 |     3 |     2 ||     8
 Stab: Confused          |       |     1 |       |       ||     1
  Eat: Chunk             |     1 |     7 |     4 |     9 ||    21
       Ration            |       |       |     1 |       ||     1
Armor: Chain mail        |    60 |    75 |   118 |       ||   253
       Robe              |     2 |       |       |       ||     2
       Leather armour    |       |       |    36 |    70 ||   106
Dodge: Dodged            |    27 |    32 |   106 |   147 ||   312
       Rpst.: Scimitar   |       |       |    12 |    48 ||    60
